 Dungeon Crawl Stone Soup version 0.30-a0-424-g7412bad402 (webtiles) character file.

Game seed: 8223093272762630934

2 McMuffin the Conjurer (level 1, 0/15 HPs)
             Began as a Demonspawn Wanderer on Dec 9, 2022.
             Slain by a hobgoblin (4 damage)
             ... on level 1 of the Dungeon.
             The game lasted 00:01:20 (73 turns).

McMuffin the Conjurer (Demonspawn Wanderer)           Turns: 73, Time: 00:01:21

Health: 0/15       AC:  3    Str:  8    XL:     1   Next: 33%
Magic:  0/2        EV: 11    Int: 18    God:
Gold:   14         SH:  0    Dex: 11    Spells: 1/2 levels left

rFire   . . .      SeeInvis .    a - +0 short sword
rCold   . . .      Faith    .    (no shield)
rNeg    . . .      Spirit   .    d - +0 robe
rPois   .          Reflect  .    b - +0 helmet
rElec   .          Harm     .    (no cloak)
rCorr   .          Rampage  .    (no gloves)
Will    .....                    (no boots)
Stlth   +.........               (no amulet)
HPRegen 0.22/turn                (no ring)
MPRegen 0.08/turn                (no ring)

@: no status effects
A: no striking features
a: no special abilities


You were on level 1 of the Dungeon.
You visited 1 branch of the dungeon, and saw 1 of its levels.

You collected 14 gold pieces.

Inventory:

Hand Weapons
 a - a +0 short sword (weapon)
Armour
 b - a +0 helmet (worn)
 d - a +0 robe (worn)
Scrolls
 c - a scroll of teleportation


   Skills:
 + Level 1.0 Fighting
 + Level 1.0 Short Blades
 + Level 1.0 Dodging
 + Level 1.0 Stealth
 + Level 1.0 Spellcasting
 + Level 5.1 Conjurations


You had one spell level left.
You knew the following spells:

 Your Spells              Type           Power      Damage    Failure   Level
a - Foxfire               Conj/Fire      40%        2x1d6     7%          1

Your spell library contained the following spells:

 Spells                   Type           Power      Damage    Failure   Level
 Momentum Strike          Conj/Tloc      20%        3d8       11%         2
 Fulminant Prism          Conj/Hex       5%         3d7       56%         4


Dungeon Overview and Level Annotations

Branches:
Dungeon (1/15)

Altars:


Message History

You conjure some foxfire!
The foxfire hits the endoplasm.
The endoplasm is heavily wounded.
The foxfire hits the endoplasm.
The endoplasm is almost dead.
The endoplasm closely misses you.
You hit the endoplasm but do no damage.
The endoplasm is almost dead.
The endoplasm freezes you.
You are frozen.
You hit the endoplasm.
You kill the endoplasm!
You hit the hobgoblin but do no damage.
Casting: Foxfire (safe; 7% risk of failure)
Press: ? - help, Q - select action Dir - look around, f - activate You conjure some foxfire!
The hobgoblin hits you. x2
You closely miss the hobgoblin.
The foxfire hits the hobgoblin.
The hobgoblin is lightly wounded.
The foxfire hits the hobgoblin.
The hobgoblin is moderately wounded.
The hobgoblin barely misses you. The hobgoblin closely misses you.
You hit the hobgoblin but do no damage.
The hobgoblin is lightly wounded.
The hobgoblin hits you.
* * * LOW HITPOINT WARNING * * *
The hobgoblin barely misses you.
You don't have enough magic to cast this spell.
Unknown command.
You hit the hobgoblin.
The hobgoblin is heavily wounded.
The hobgoblin barely misses you. x2
You hit the hobgoblin.
The hobgoblin is lightly wounded.
The hobgoblin completely misses you. The hobgoblin hits you.
* * * LOW HITPOINT WARNING * * *
You barely miss the hobgoblin.
The hobgoblin is lightly wounded.
The hobgoblin barely misses you. The hobgoblin hits you.
You die...

+.....# #.....# #.....#
+.....# ##.. #.....#
.#.. #.#.....# ..... #
#..g....# #.#..
....####g###### #.#..
#......@g....#######.#..
#..#####.#.........#.#..
#.....'..............
#.###.#.........#.##.
##'#..............
#..............###
#........##.#..# #
#.....##.##.#..#
########.##.####


You could see 2 hobgoblins.

Vanquished Creatures
  An endoplasm (D:1)
  A kobold (D:1)
2 creatures vanquished.

Vanquished Creatures (others)
  5 foxfires (D:1)
5 creatures vanquished.

Grand Total: 7 creatures vanquished

Notes
Turn   | Place    | Note
-------+----------+-------------------------------------------
     0 | D:1      | McMuffin the Demonspawn Wanderer began the quest for the
                  | Orb.
     0 | D:1      | McMuffin set off with the following items: a +0 short
                  | sword, a +0 helmet, a scroll of teleportation, a +0 robe;
                  | and the following spell memorised: Foxfire; and the
                  | following spells available to memorise: Momentum Strike,
                  | Fulminant Prism.
     0 | D:1      | Reached XP level 1. HP: 15/15 MP: 2/2
    73 | D:1      | Slain by a hobgoblin

Illustrated notes

Levels and vault maps discovered:
D:1:      heliophobic_arrival_enchanted_forest, layout_basic

Action                   || total
-------------------------++-------
Melee: Short sword       ||    13
 Cast: Foxfire           ||     3
Armor: Robe              ||     1
Dodge: Dodged            ||    10

Table legend: (Time is in decaauts)
 A = Elapsed time spent in this place.
 B = Non-inter-level travel time spent in this place.
 C = Inter-level travel time spent in this place.
 D = Time resting spent in this place.
 E = Time spent auto-exploring this place.
 F = Levels seen in this place.
 G = Mean time per level.
                   A        B        C        D        E       F      G
               +--------+--------+--------+--------+--------+-----+--------+
         Total |     72 |     72 |      0 |      0 |      0 |   1 |   72.0 |
       Dungeon |     72 |     72 |      0 |      0 |      0 |   1 |   72.0 |
               +--------+--------+--------+--------+--------+-----+--------+

Top non-repeatable levels by time:
     D:1: 72 daAuts
